 Dungeon Crawl Stone Soup version 0.27.0-1-g7a089689b8 (webtiles) character file.

Game seed: 9316491883371870803

376 sanka the Insei (level 6, -2/47 HPs)
             Began as a Gnoll Transmuter on Aug 13, 2021.
             Was a Priest of Lugonu.
             Slain by Eustachio (7 damage)
             ... on level 5 of the Dungeon.
             The game lasted 00:04:33 (4519 turns).

sanka the Insei (Gnoll Transmuter)                  Turns: 4519, Time: 00:04:34

Health: -2/47      AC:  4    Str: 10    XL:     6   Next: 73%
Magic:  14/14      EV: 14    Int: 14    God:    Lugonu [***...]
Gold:   217        SH:  0    Dex: 18    Spells: 9/15 levels left

rFire    . . .     SeeInvis .   a - +1 short sword (elec)
rCold    . . .     Faith    .   (no shield)
rNeg     . . .     Spirit   .   k - +0 robe
rPois    .         Reflect  .   (no helmet)
rElec    .         Harm     .   m - +0 cloak
rCorr    .         Rampage  .   f - +0 pair of gloves
Will     .....                  (no boots)
Stlth    ++........             (no amulet)
HPRegen  0.15/turn              (no ring)
MPRegen  0.14/turn              p - +6 ring of dexterity

@: no status effects
A: fangs 1, strong nose, distributed training
a: Renounce Religion, Depart the Abyss, Bend Space, Banish


You were on level 5 of the Dungeon.
You worshipped Lugonu.
Lugonu was most pleased with you.
You visited 1 branch of the dungeon, and saw 5 of its levels.

You collected 217 gold pieces.


Innate Abilities, Weirdness & Mutations

You have very sharp teeth.
Your uncanny sense of smell can sniff out nearby items.
Your experience applies equally to all skills.


   Skills:
 + Level 3.3 Fighting
 + Level 2.1 Short Blades
 + Level 2.1 Long Blades
 + Level 2.1 Axes
 + Level 2.1 Maces & Flails
 + Level 2.1 Polearms
 + Level 2.1 Staves
 + Level 2.1 Slings
 + Level 2.1 Bows
 + Level 2.1 Crossbows
 + Level 2.1 Throwing
 + Level 2.1 Armour
 + Level 5.0 Dodging
 + Level 2.1 Stealth
 + Level 2.1 Shields
 + Level 6.9 Unarmed Combat
 + Level 5.4 Spellcasting
 + Level 1.6 Conjurations
 + Level 1.6 Hexes
 + Level 1.6 Summonings
 + Level 1.6 Necromancy
 + Level 1.6 Translocations
 + Level 4.1 Transmutations
 + Level 1.6 Fire Magic
 + Level 1.6 Ice Magic
 + Level 1.6 Air Magic
 + Level 1.6 Earth Magic
 + Level 1.6 Poison Magic
 + Level 2.3 Invocations
 + Level 2.1 Evocations


You had 9 spell levels left.
You knew the following spells:

 Your Spells              Type           Power      Damage    Failure   Level
x - Spider Form           Tmut/Pois      5%         N/A       16%         3
y - Wereblood             Tmut           15%        N/A       4%          2
z - Beastly Appendage     Tmut           30%        N/A       3%          1

Your spell library contained the following spells:

 Spells                   Type           Power      Damage    Failure   Level
 Corona                   Hex            8%         N/A       9%          1
 Ensorcelled Hibernation  Hex/Ice        16%        N/A       13%         2
 Ozocubu's Armour         Ice            8%         N/A       26%         3
 Tukima's Dance           Hex            8%         N/A       26%         3
 Ice Form                 Ice/Tmut       11%        N/A       45%         4
 Ozocubu's Refrigeration  Ice            4%         4d5       100%        7

Inventory:

Hand Weapons
 a - a +1 short sword of electrocution (weapon)
 b - a +2 dagger of venom
Armour
 f - a +0 pair of gloves (worn)
 k - a +0 robe (worn)
 m - a +0 cloak (worn)
Magical Staves
 d - a staff of fire
Jewellery
 g - a ring of willpower
 p - a +6 ring of dexterity (right hand)
Wands
 n - a wand of paralysis (6)
 q - a wand of iceblast (8)
Scrolls
 c - 3 scrolls of identify {unknown}
 j - 2 scrolls of teleportation {unknown}
 l - a scroll of acquirement {unknown}
 o - a scroll of amnesia {unknown}
Potions
 e - a potion of degeneration {unknown}
 h - a potion of attraction {unknown}
 i - 2 potions of brilliance {unknown}
 r - a potion of cancellation {unknown}
 s - a potion of heal wounds {unknown}
 t - a potion of curing {unknown}

Dungeon Overview and Level Annotations

Branches:
Dungeon (5/15)             Temple (0/1) D:4

Altars:
Elyvilon
Hepliaklqana
Makhleb
Qazlal
Ru
Uskayaw
Yredelemnul
Lugonu

Annotations:
D:5 Eustachio

......▒▒▒...........
......▒▒▒.....8.....
......▒▒.......▒▒▒▒▒
......▒.......8▒
....▒..........+
....▒.........8▒ .▒▒
.▒▒............▒▒▒▒▒....
▒▒▒▒..........8.o.o.....
...............bgoo.....
.....†.........rr@......
................o.......
▒.......................
.......▒▒▒▒▒▒▒▒▒........
......▒▒ ▒▒.......
.....▒▒ ∆ .......
.....<▒ ∆ .......
.▒.▒▒▒.▒


You could see Eustachio, an orc priest, an orc wizard, a river rat (summoned), 3
orcs, a quokka (summoned) and a bat (summoned).


Message History

The bat hits you but does no damage. The orc hits you with a +0 club.
Eustachio hits you with a +0 rapier. The orc hits you with a +0 club.
The orc priest invokes the aid of Beogh against you.
Beogh smites you! The quokka bites you.
* * * LOW HITPOINT WARNING * * *
The bat hits you but does no damage. The orc hits you with a +0 mace.
* * * LOW HITPOINT WARNING * * *
Eustachio yells, "Perjured traitor, DIE!"
Eustachio hits you with a +0 rapier.
* * * LOW HITPOINT WARNING * * *
The bat hits you but does no damage. The orc hits you with a +0 club.
* * * LOW HITPOINT WARNING * * *
The quokka bites you but does no damage.
Eustachio hits you with a +0 rapier.
* * * LOW HITPOINT WARNING * * *
You can move again.
You miss Eustachio.
Eustachio is moderately wounded.
The quokka closely misses you. The orc barely misses you.
The bat barely misses you. The river rat bites you.
* * * LOW HITPOINT WARNING * * *
Eustachio hits you with a +0 rapier!
You die...

Action                   |  1- 3 |  4- 6 || total
-------------------------+-------+-------++-------
Melee: Unarmed           |    62 |       ||    62
       Headbutt          |     9 |       ||     9
       Kick              |     9 |       ||     9
       Punch             |     1 |     2 ||     3
       Dagger            |    20 |     9 ||    29
       Short sword       |     5 |    84 ||    89
       Bite              |     2 |    10 ||    12
 Cast: Beastly Appendage |    18 |       ||    18
 Stab: Sleeping          |     2 |     2 ||     4
Armor: Robe              |    10 |    24 ||    34
Dodge: Dodged            |    52 |    49 ||   101

Levels and vault maps discovered:
D:1:      denvon_arrival_waterhouse, layout_basic,
          shapermc_ecumenical_altar_totnotflames, corner_web_ring,
          minmay_tetromino_i2
D:2:      layout_rooms
D:3:      minmay_angry_zag, layout_rooms, jmf_multi_god_temple
D:4:      layout_basic, mainiacjoe_overflow_cross_hatched,
          mainiacjoe_overflow_alcove_3, minmay_temple_entry_ruins,
          nrook_mini_backslash, kennysheep_generic_room_15
D:5:      layout_cave_pools, lemuel_doored_altar, serial_column_ruins,
          column_ruins_hut_pillars, column_ruins_grid_1, column_ruins_grid_1,
          column_ruins_corridor_straight, minmay_gold_behind_fungi,
          minmay_small_thing, uniq_eustachio

Notes
Turn   | Place    | Note
-------+----------+-------------------------------------------
     0 | D:1      | sanka the Gnoll Transmuter began the quest for the Orb.
     0 | D:1      | Reached XP level 1. HP: 17/17 MP: 6/6
    74 | D:1      | Reached XP level 2. HP: 7/23 MP: 5/7
   679 | D:1      | Found a faded altar of an unknown god.
  1186 | D:1      | Became a worshipper of Lugonu the Unformed
  1186 | D:1      | Reached * piety under Lugonu
  1186 | D:1      | Reached ** piety under Lugonu
  1291 | D:2      | Learned a level 2 spell: Wereblood
  1443 | D:2      | Reached skill level 5 in Spellcasting
  1443 | D:2      | Reached XP level 3. HP: 16/28 MP: 6/9
  1765 | D:2      | Reached skill level 1 in Invocations
  2027 | D:3      | Reached skill level 1 in Short Blades
  2027 | D:3      | Reached skill level 1 in Long Blades
  2027 | D:3      | Reached skill level 1 in Axes
  2027 | D:3      | Reached skill level 1 in Maces & Flails
  2027 | D:3      | Reached skill level 1 in Polearms
  2027 | D:3      | Reached skill level 1 in Staves
  2027 | D:3      | Reached skill level 1 in Slings
  2027 | D:3      | Reached skill level 1 in Bows
  2027 | D:3      | Reached skill level 1 in Crossbows
  2027 | D:3      | Reached skill level 1 in Throwing
  2027 | D:3      | Reached skill level 1 in Armour
  2027 | D:3      | Reached skill level 1 in Stealth
  2027 | D:3      | Reached skill level 1 in Shields
  2027 | D:3      | Reached skill level 1 in Evocations
  2457 | D:3      | Reached XP level 4. HP: 27/34 MP: 11/11
  3004 | D:3      | Found a white marble altar of Elyvilon.
  3004 | D:3      | Found a burning altar of Makhleb.
  3185 | D:4      | Noticed a scorpion
  3198 | D:4      | Killed a scorpion
  3199 | D:4      | Reached skill level 1 in Conjurations
  3199 | D:4      | Reached skill level 1 in Hexes
  3199 | D:4      | Reached skill level 1 in Summonings
  3199 | D:4      | Reached skill level 1 in Necromancy
  3199 | D:4      | Reached skill level 1 in Translocations
  3199 | D:4      | Reached skill level 1 in Fire Magic
  3199 | D:4      | Reached skill level 1 in Ice Magic
  3199 | D:4      | Reached skill level 1 in Air Magic
  3199 | D:4      | Reached skill level 1 in Earth Magic
  3199 | D:4      | Reached skill level 1 in Poison Magic
  3199 | D:4      | Reached XP level 5. HP: 26/40 MP: 12/12
  3313 | D:4      | Found a staircase to the Ecumenical Temple.
  3463 | D:4      | Found a basalt altar of Yredelemnul.
  3479 | D:4      | Reached skill level 3 in Fighting
  3479 | D:4      | Reached skill level 4 in Transmutations
  3536 | D:4      | Reached *** piety under Lugonu
  3620 | D:4      | Noticed an ogre
  3640 | D:4      | Reached skill level 2 in Invocations
  3640 | D:4      | Reached XP level 6. HP: 40/47 MP: 13/13
  3650 | D:4      | HP: 2/47 [ogre (9)]
  3652 | D:4      | Reached skill level 2 in Short Blades
  3652 | D:4      | Reached skill level 2 in Long Blades
  3652 | D:4      | Reached skill level 2 in Axes
  3652 | D:4      | Reached skill level 2 in Maces & Flails
  3652 | D:4      | Reached skill level 2 in Polearms
  3652 | D:4      | Reached skill level 2 in Staves
  3652 | D:4      | Reached skill level 2 in Slings
  3652 | D:4      | Reached skill level 2 in Bows
  3652 | D:4      | Reached skill level 2 in Crossbows
  3652 | D:4      | Reached skill level 2 in Throwing
  3652 | D:4      | Reached skill level 2 in Armour
  3652 | D:4      | Reached skill level 5 in Dodging
  3652 | D:4      | Reached skill level 2 in Stealth
  3652 | D:4      | Reached skill level 2 in Shields
  3652 | D:4      | Reached skill level 2 in Evocations
  4094 | D:4      | Found a hazy altar of Hepliaklqana.
  4095 | D:4      | Found a stormy altar of Qazlal.
  4096 | D:4      | Found a hide-covered altar of Uskayaw.
  4127 | D:4      | Found a sacrificial altar of Ru.
  4345 | D:4      | Learned a level 3 spell: Spider Form
  4382 | D:5      | Entered Level 5 of the Dungeon
  4508 | D:5      | Noticed Eustachio
  4513 | D:5      | Paralysed by an orc for 6 turns
  4519 | D:5      | Slain by Eustachio

Vanquished Creatures
  An ogre (D:4)
  2 scorpions (D:4)
  2 bullfrog skeletons
  A hound skeleton (D:5)
  4 adders
  An adder skeleton (D:4)
  2 dart slugs
  2 orcs
  7 endoplasms
  5 giant cockroaches
  7 goblins
  7 hobgoblins
  4 jackals (D:1)
  3 kobolds
  2 quokkas
  6 ball pythons
  5 bats
  A quokka skeleton (D:4)
  6 rats
68 creatures vanquished.
